 Dungeon Sprint DCSS version 0.19-a0-1895-g783e625 (webtiles) character file.

539 poirepourri the Grappler (level 7, 0/56 HPs)
             Began as a White Draconian Transmuter on Oct 18, 2016.
             Was an Initiate of Okawaru.
             Slain by Sonja
             ... wielding a +0 short sword of draining
              (1 damage)
             ... in the Dungeon (Sprint I: "Red Sonja").
             The game lasted 00:03:29 (1255 turns).

poirepourri the Grappler (DrTm)                     Turns: 1255, Time: 00:03:30

Health: 0/56       AC:  6    Str: 13    XL:     7   Next: 5%
Magic:  10/18      EV: 13    Int: 14    God:    Okawaru [......]
Gold:   405        SH:  0    Dex: 12    Spells: 5 memorised, 6 levels left

rFire  . . .     SeeInvis .       - Unarmed
rCold  + . .     Gourm    .     (armour unavailable)
rNeg   . . .     Faith    .     (shield currently unavailable)
rPois  .         Spirit   .     (helmet restricted)
rElec  .         Reflect  .     (no cloak)
rCorr  .         Harm     .     (gloves currently unavailable)
MR     .....     NoTele   +     (no boots)
Stlth  +.........               h - amulet of inaccuracy (curse)
                                (no ring)
                                (no ring)

@: lethally poisoned (0 -> -18), blade hands, very slightly contaminated,
slowed, heavily drained, very slow
A: breathe frost, unfitting armour, cold resistance 1, cold-blooded, AC +6
a: Breathe Frost, End Transformation, Renounce Religion


You were in the Dungeon.
You worshipped Okawaru.
Okawaru was noncommittal.
You were not hungry.
You had blades for hands.
You visited 1 branch You collected 405 gold pieces.

Inventory:

Jewellery
 h - a cursed amulet of inaccuracy (around neck)
Scrolls
 i - a scroll of blinking
Potions
 d - 2 potions of curing
 e - a potion of heal wounds
 f - a potion of haste
 g - a potion of magic
Books
 b - a book of Changes

   Spells                             Type                      Level
   a - Beastly Appendage              Transmutation                1
   b - Sticks to Snakes               Transmutation                2
   c - Spider Form                    Transmutation/Poison         3
   d - Ice Form                       Ice/Transmutation            4
   e - Blade Hands                    Transmutation                5
 j - a book of Minor Magic

   Spells                             Type                      Level
   a - Magic Dart                     Conjuration                  1
   b - Blink                          Translocation                2
   c - Call Imp                       Summoning                    2
   d - Repel Missiles                 Charms/Air                   2
   e - Slow                           Hexes                        2
   f - Conjure Flame                  Conjuration/Fire             3
   g - Mephitic Cloud                 Conjuration/Poison/Air       3


   Skills:
 + Level 2.5(0.9) Fighting
 + Level 4.2(2.6) Dodging
 - Level 0.6(0.0) Stealth
 + Level 9.1(7.3) Unarmed Combat
 + Level 7.8(6.0) Spellcasting
 + Level 8.1(6.3) Transmutations
 + Level 1.3(0.0) Poison Magic


You had 6 spell levels left.
You knew the following spells:

 Your Spells              Type           Power        Failure   Level  Hunger
a - Beastly Appendage     Tmut           ###...       17%         1    None
b - Sticks to Snakes      Tmut           ###.....     21%         2    #......
c - Spider Form           Tmut/Pois      ##........   54%         3    ###....
d - Ice Form              Ice/Tmut       ##......     85%         4    ####...
e - Blade Hands           Tmut           ###.......   80%         5    ######.


Dungeon Overview and Level Annotations

Branches:
Dungeon (1/1)

Altars:
Cheibriados
Dithmenos
Elyvilon
Fedhas
Gozag
Hepliaklqana
Kikubaaqudgha
Makhleb
Nemelex Xobeh
Okawaru
Qazlal
Ru
Sif Muna
Trog
Uskayaw
Vehumet
Xom
Yredelemnul
Zin
The Shining One
Jiyva
Lugonu

Shops:
D (

Annotations:
D Sonja


Innate Abilities, Weirdness & Mutations

You can breathe waves of freezing cold.
You can buffet flying creatures when you breathe cold.
Your icy white scales are hard. (AC +6)
You cannot fit into any form of body armour.
Your flesh is cold resistant. (rC+)
You are cold-blooded and may be slowed by cold attacks.


Message History

Unknown command.
You miss Sonja.
You feel sick.
Sonja unwields an uncursed blowgun.
Sonja wields an uncursed short sword of draining.
You sense an unholy aura.
Sonja hits you with an uncursed short sword of draining.
You feel drained. Sonja hits you but does no damage.
You feel drained.
Sonja hits you with an uncursed short sword of draining.
You feel drained.
You closely miss Sonja.
* * * LOW HITPOINT WARNING * * *
You feel very sick.
Sonja hits you with an uncursed short sword of draining.
* * * LOW HITPOINT WARNING * * *
You feel drained.
* * * LOW HITPOINT WARNING * * *
Sonja hits you but does no damage.
You feel drained. Sonja barely misses you.
Sonja hits you with an uncursed short sword of draining!
* * * LOW HITPOINT WARNING * * *
You feel drained.
You die...

#<.#..'..#..'..#__#..+
#..)..#..)÷.#..'..'..#
#..#####'#####'#__####
#..####..#...#.####
#..#__####..##.#
#..#_____##'#..+
#⌠⌠#_.∩...'.(._#
####_..__##_K#'#
#_____###@#.# #######
#.### +$.$+ #$.$#
##.## #+#


You could see Sonja.

Vanquished Creatures
  A slime creature (D)
  A yak (D)
  An ogre (D)
  A jelly (D)
  Ijyb (D)
5 creatures vanquished.

Vanquished Creatures (collateral kills)
  Sigmund (D)
1 creature vanquished.

Grand Total: 6 creatures vanquished

Notes
Turn   | Place    | Note
-------+----------+-------------------------------------------
     0 | D        | poirepourri the Draconian Transmuter began the quest for the Orb.
     0 | D        | Reached XP level 1. HP: 16/16 MP: 3/3
     3 | D        | Noticed Ijyb
     7 | D        | Killed Ijyb
     7 | D        | Reached skill level 5 in Unarmed Combat
     7 | D        | Reached XP level 2. HP: 23/23 MP: 2/5
    44 | D        | Learned a level 2 spell: Sticks to Snakes
    71 | D        | Noticed an ogre
    87 | D        | Killed an ogre
    87 | D        | Reached skill level 6 in Unarmed Combat
    87 | D        | Reached XP level 3. HP: 9/28 MP: 3/8
    87 | D        | Reached XP level 4. HP: 12/35 MP: 3/10
   264 | D        | Learned a level 3 spell: Spider Form
   269 | D        | Learned a level 4 spell: Ice Form
   309 | D        | Noticed Sigmund
   337 | D        | Killed Sigmund
   337 | D        | Reached skill level 8 in Unarmed Combat
   337 | D        | Reached skill level 5 in Spellcasting
   337 | D        | Reached skill level 5 in Transmutations
   337 | D        | Reached XP level 5. HP: 7/40 MP: 3/12
   597 | D        | Found a deep blue altar of Sif Muna.
   599 | D        | Found a radiant altar of Vehumet.
   738 | D        | Found Xidazaox's Antique Weapon Emporium.
   738 | D        | Found an ancient bone altar of Kikubaaqudgha.
   738 | D        | Found a hazy altar of Hepliaklqana.
   738 | D        | Found a stormy altar of Qazlal.
   738 | D        | Found a hide-covered altar of Uskayaw.
   738 | D        | Found a blossoming altar of Fedhas.
   738 | D        | Found a bloodstained altar of Trog.
   738 | D        | Found an iron altar of Okawaru.
   738 | D        | Found a basalt altar of Yredelemnul.
   738 | D        | Found a glowing golden altar of the Shining One.
   738 | D        | Found a snail-covered altar of Cheibriados.
   738 | D        | Found a sacrificial altar of Ru.
   738 | D        | Found a glowing silver altar of Zin.
   738 | D        | Found a shadowy altar of Dithmenos.
   738 | D        | Found a white marble altar of Elyvilon.
   738 | D        | Noticed a yak
   758 | D        | Killed a yak
   758 | D        | Reached XP level 6. HP: 7/48 MP: 9/15
  1019 | D        | Learned a level 5 spell: Blade Hands
  1033 | D        | Found an opulent altar of Gozag.
  1034 | D        | Found a sparkling altar of Nemelex Xobeh.
  1044 | D        | Became a worshipper of Warmaster Okawaru
  1061 | D        | Found a burning altar of Makhleb.
  1061 | D        | Found a viscous altar of Jiyva.
  1061 | D        | Found a shimmering altar of Xom.
  1061 | D        | Found a corrupted altar of Lugonu.
  1061 | D        | Noticed a slime creature
  1066 | D        | Killed a slime creature
  1066 | D        | Reached skill level 9 in Unarmed Combat
  1066 | D        | Reached skill level 1 in Poison Magic
  1066 | D        | Your scales start taking on an icy white colour.
  1066 | D        | Reached XP level 7. HP: 30/56 MP: 11/18
  1066 | D        | Gained mutation: Your flesh is cold resistant. (rC+) [White Draconian growth]
  1249 | D        | Noticed Sonja
  1255 | D        | HP: 1/56 [Sonja/uncursed short sword of draining (7)]
  1255 | D        | Slain by Sonja

Vault maps used:
D:        dungeon_sprint_1

Skill      XL: |  1  2  3  4  5  6 |
---------------+-------------------+-----
Dodging        | 2 3 4 |  4.2
Unarmed Combat | 5 6 8 9 |  9.1
Spellcasting   | 4 5 6 7 |  7.8
Transmutations | 3 5 6 8 |  8.1
Fighting       | 2 |  2.5
Poison Magic   | 1 |  1.3
Stealth        | |  0.6

Action                   |  1- 3 |  4- 6 |  7- 9 || total
-------------------------+-------+-------+-------++-------
Melee: Unarmed           |     9 |    15 |     2 ||    26
       Headbutt          |     1 |     2 |       ||     3
       Tailslap          |       |     2 |       ||     2
 Cast: Beastly Appendage |     3 |     3 |       ||     6
       Sticks to Snakes  |     3 |     9 |       ||    12
       Spider Form       |       |     1 |       ||     1
       Blade Hands       |       |     1 |     1 ||     2
  Use: Potion            |     2 |       |       ||     2
  Eat: Bread ration      |       |     1 |       ||     1
Armor: Skin              |       |     2 |     1 ||     3
Dodge: Dodged            |     5 |    10 |     3 ||    18
